 Dungeon Crawl Stone Soup version 0.28.0-45-g0d030f2227 (webtiles) character file.

Game seed: 9216222352155877952

3505 croobank the Blocker (level 9, 0/83 HPs)
             Began as a Minotaur Fighter on Apr 11, 2022.
             Slain by a troll (12 damage)
             ... on level 9 of the Dungeon.
             The game lasted 00:28:31 (6849 turns).

croobank the Blocker (Minotaur Fighter)             Turns: 6849, Time: 00:28:32

Health: 0/83       AC: 11    Str: 24    XL:     9   Next: 80%
Magic:  8/8        EV:  8    Int:  5    God:
Gold:   235        SH:  0    Dex: 11    Spells: 8/8 levels left

rFire   . . .      SeeInvis .   g - +7 Singing Sword {vorpal, sonic wave}
rCold   . . .      Faith    .   y - orb {*Rage}
rNeg    . . .      Spirit   .   x - +0 chain mail
rPois   .          Reflect  .   (helmet restricted)
rElec   .          Harm     .   (no cloak)
rCorr   .          Rampage  .   (no gloves)
Will    .....      Rage     20% (no boots)
Stlth   ..........              (no amulet)
HPRegen 0.23/turn               t - ring of flight
MPRegen 0.11/turn               (no ring)

@: on berserk cooldown, flying
A: horns 2, retaliatory headbutt
a: no special abilities


You were on level 9 of the Dungeon.
You visited 2 branches of the dungeon, and saw 10 of its levels.
You also visited: Ossuary.

You collected 235 gold pieces.

Inventory:

Hand Weapons
 a - a +2 vorpal war axe
 b - a +0 hunting sling
 d - a +5 falchion of freezing
 g - the +7 Singing Sword (weapon) {vorpal, sonic wave}
   (You found it on level 10 of the Dungeon)

   It inflicts extra damage upon your enemies.
   It radiates damaging sonic waves as it strikes, especially in combat
   involving dangerous or numerous foes.
 p - a +4 vorpal trident
Missiles
 e - 4 silver boomerangs (quivered)
 f - 250 stones
 k - 65 bolts
 o - 66 arrows
 q - 97 sling bullets
 r - 15 poisoned darts
Armour
 c - a +0 buckler
 m - the +0 leather armour of Pathos {rPois Str-2 SInv}
   (You found it on level 2 of the Dungeon)

   Str:       It affects your strength (-2).
   rPois:     It protects you from poison.
   SInv:      It lets you see invisible.
 n - a +0 plate armour
 x - a +0 chain mail (worn)
 y - an orb of wrath (worn)
Jewellery
 t - a ring of flight (left hand)
 F - a ring of willpower
Wands
 h - a wand of digging (11)
 l - a wand of polymorph (10)
 v - a wand of flame (25)
Scrolls
 u - 2 scrolls of enchant armour {unknown}
 w - a scroll of fog
Potions
 i - a potion of flight
 j - 2 potions of resistance
 s - a potion of mutation
 A - a potion of magic {unknown}
 B - a potion of curing {unknown}
 C - a potion of brilliance {unknown}
 D - a potion of haste {unknown}


   Skills:
 + Level 9.1 Fighting
 + Level 2.3 Long Blades
 + Level 8.6 Axes
 + Level 9.1 Armour
 + Level 9.1 Shields


You had 8 spell levels left.
You didn't know any spells.
Your spell library contained the following spells:

 Spells                   Type           Power      Damage    Failure   Level
 Slow                     Hex            0%         N/A       96%         1
 Static Discharge         Conj/Air       0%         N/A       99%         2
 Confusing Touch          Hex            0%         N/A       100%        3
 Vampiric Draining        Necr           0%         2d6       100%        3
 Animate Armour           Summ/Erth      0%         N/A       100%        4
 Dispel Undead            Necr           0%         3d6       100%        4
 Sticky Flame             Conj/Fire      0%         2d3       100%        4
 Blade Hands              Tmut           0%         N/A       100%        5
 Irradiate                Conj/Tmut      0%         3d13      100%        5
 Iron Shot                Conj/Erth      0%         9d1       100%        6
 Dragon Form              Tmut           0%         N/A       100%        7


Dungeon Overview and Level Annotations

Branches:
Dungeon (10/15)            Temple (1/1) D:5         Ossuary (visited)
   Lair: D:8-11         Orc: D:9-12

Altars:
Cheibriados
Dithmenos
Fedhas
Hepliaklqana
Kikubaaqudgha
Makhleb
Okawaru
Qazlal
Ru
Trog
Vehumet
Xom
Zin
The Shining One

Shops:
D:9 =

Annotations:
D:6 2 transporters, jimonade's ghost, novice DjFE


Innate Abilities, Weirdness & Mutations

You have a pair of horns on your head.
You reflexively headbutt those who attack you in melee.


Message History

You closely miss the hound. Your headbutt misses the hound.
You hit the bullfrog. The hound bites you but does no damage.
The bullfrog barely misses you. You furiously retaliate!
You headbutt the bullfrog!
You kill the bullfrog!
The hound bites you.
* * * LOW HITPOINT WARNING * * *
The hound bites you but does no damage.
Okay, then.
Throw: dart (curare)
Press: ? - help, Q - select action, (/) - cycle Shift-Dir - straight line, f - hound
Aim: a hound (50% to hit)
You throw a curare-tipped dart.
The curare-tipped dart misses the hound.
You feel yourself speed up. The hound closely misses you.
You furiously retaliate!
You headbutt the hound. The hound completely misses you.
Okay, then.
Okay, then.
The hound closely misses you.
You hear the faint creaking of a very distant portcullis.
The hound bites you but does no damage.
Okay, then.
Okay, then.
Okay, then.
You miss the hound.
The hound is moderately wounded.
The hound bites you.
* * * LOW HITPOINT WARNING * * *
The hound barely misses you.
Okay, then.
Okay, then.
The sword says, "Hi!
I'm the Singing Sword!"
g - the +7 Singing Sword (weapon)
{vorpal, sonic wave} The troll bites you but does no damage.
The troll closely misses you. x2
The hound bites you but does no damage.
You miss the hound. Your headbutt misses the hound.
The hound is moderately wounded.
The hound barely misses you. The troll bites you!
You die...

#########
#.......#
#.......#
#.......#
#.......#
#.......#
#...>...#
#♣....@.#
#.....hT#
♣∩♣.....#
#.......#
#♣....†.#
#####(##
#!## #..#
#+####
#########'##


You could see a troll and a hound.

Vanquished Creatures
  A manticore (D:7)
  2 centaur zombies (D:10)
  A wraith (Ossuary)
  A water moccasin (D:6)
  An acid dragon (D:10)
  An orc warrior (D:6)
  An ice beast (D:5)
  A wolf (D:9)
  An ogre (D:7)
  A phantom (D:5)
  2 centaurs
  2 kobold brigands
  2 bullfrogs
  A gnoll sergeant (D:10)
  An elf zombie (Ossuary)
  A scorpion (D:7)
  3 elf skeletons (D:4)
  3 wights (D:9)
  A vampire bat (D:4)
  A human zombie (D:4)
  8 hounds
  2 centaur skeletons
  2 orc priests
  A bullfrog skeleton (D:5)
  3 jellies (D:6)
  A gnoll shaman (D:6)
  Jessica (D:3)
  2 human skeletons (D:4)
  An iguana (D:6)
  2 orc wizards (D:4)
  3 mummies (Ossuary)
  A hound skeleton (D:5)
  9 gnolls
  6 adders
  2 shadow imps
  An ufetubus (D:5)
  An adder skeleton (D:4)
  3 dart slugs
  16 orcs
  4 bat skeletons (D:4)
  A bat zombie (D:4)
  12 endoplasms
  2 giant cockroaches
  6 goblins
  5 hobgoblins
  4 jackals (D:1)
  12 kobolds
  4 quokkas
  6 ball pythons
  4 bats
  4 frilled lizards
  2 goblin zombies (Ossuary)
  7 hobgoblin zombies (Ossuary)
  A kobold zombie (Ossuary)
  3 rats
170 creatures vanquished.

Vanquished Creatures (others)
  25 plants
25 creatures vanquished.

Grand Total: 195 creatures vanquished

Notes
Turn   | Place    | Note
-------+----------+-------------------------------------------
     0 | D:1      | croobank the Minotaur Fighter began the quest for the Orb.
     0 | D:1      | Reached XP level 1. HP: 19/19 MP: 0/0
   137 | D:1      | Reached XP level 2. HP: 23/27 MP: 1/1
   590 | D:1      | Reached XP level 3. HP: 32/33 MP: 2/2
  1247 | D:2      | Found a bloodstained altar of Trog.
  1281 | D:2      | Identified the +0 leather armour of Pathos {rPois Str-2
                  | SInv}
  2001 | D:3      | Noticed Jessica
  2006 | D:3      | Killed Jessica
  2007 | D:3      | Reached XP level 4. HP: 41/41 MP: 3/3
  2451 | D:3      | Found a faded altar of an unknown god.
  2635 | D:4      | Reached XP level 5. HP: 43/47 MP: 4/4
  2986 | D:4      | Reached skill level 5 in Fighting
  2986 | D:4      | Reached skill level 5 in Armour
  2986 | D:4      | Reached skill level 5 in Shields
  3022 | D:4      | Reached XP level 6. HP: 23/56 MP: 5/5
  3051 | D:4      | Found a sand-covered staircase.
  3060 | Ossuary  | Entered an ossuary
  3060 | Ossuary  | Noticed a wraith
  3060 | Ossuary  | Noticed a wraith
  3060 | Ossuary  | Noticed a wraith
  3493 | Ossuary  | Noticed a wraith
  3513 | Ossuary  | Killed a wraith
  3514 | Ossuary  | Reached skill level 5 in Axes
  3514 | Ossuary  | Reached XP level 7. HP: 25/62 MP: 6/6
  3948 | D:4      | Found an ancient bone altar of Kikubaaqudgha.
  4344 | D:5      | Entered Level 5 of the Dungeon
  4366 | D:5      | Found a hazy altar of Hepliaklqana.
  4427 | D:5      | Found a staircase to the Ecumenical Temple.
  4487 | D:5      | Reached XP level 8. HP: 63/71 MP: 7/7
  4934 | Temple   | Entered the Ecumenical Temple
  5192 | D:6      | Found a transporter.
  5195 | D:6      | Identified the +9 dire flail "Jushrodgh" {vorpal, Str-5
                  | Dex+7}
  5195 | D:6      | Identified the +9 dire flail "Death Rattle" {vorpal, rElec
                  | rC+ rN++ Stlth-}
  5195 | D:6      | Noticed a two-headed ogre
  5195 | D:6      | Noticed jimonade's ghost (novice DjFE)
  5199 | D:6      | Found a transporter.
  5894 | D:7      | Noticed a manticore
  5902 | D:7      | Killed a manticore
  5903 | D:7      | Reached XP level 9. HP: 50/81 MP: 8/8
  6277 | D:7      | You are sucked into a shaft and drop 3 floors!
  6277 | D:10     | Entered Level 10 of the Dungeon
  6287 | D:10     | Found the +7 Singing Sword {vorpal, sonic wave}
  6601 | D:10     | Reached skill level 1 in Long Blades
  6789 | D:9      | Noticed a troll
  6838 | D:9      | Found Zyituu's Jewellery Shop.
  6849 | D:9      | Slain by a troll

Illustrated notes

Levels and vault maps discovered:
D:1:      dpeg_arrival_morbid_curiosity, layout_basic
D:2:      layout_loops_ring, basic_altar, st_stairs_3,
          minmay_misc_feat_diagonals, chequers_decorated_corner
D:3:      layout_loops_ring, nicolae_ecumenical_oubliette, uniq_jessica
D:4:      layout_rooms, kennysheep_vampire_church,
          nicolae_ossuary_entry_catacombs
D:5:      layout_basic, nicolae_hepliaklqana_hazy_memory,
          minmay_temple_entry_overgrown
D:6:      layout_basic, gammafunk_ghost_smash, serial_bayou_ford_a
D:7:      nzn_winding_woodlands_medium [nzn_winding_woodlands_5x5_closed_star,
          nzn_winding_woodlands_5x15_parted,
          nzn_winding_woodlands_5x5_open_star,
          nzn_winding_woodlands_5x5_default,
          nzn_winding_woodlands_center_garden,
          nzn_winding_woodlands_5x5_perimeter, nzn_winding_woodlands_5x5_cross,
          nzn_winding_woodlands_5x15_river_crossing,
          nzn_winding_woodlands_5x5_checkerboard], layout_basic,
          grunt_temple_overflow_open, serial_shops, nicolae_take_the_stairs,
          hangedman_decor_peaks_small
D:9:      layout_roguey, led_sif_book, erik_lair_island,
          minmay_orc_entry_temple_small, serial_shops, nicolae_shop_trees,
          enter_bailey_7
D:10:     layout_irregular_city, mainiacjoe_overflow_paths, uniq_maggie
Temple:   hc_temple_tempest_star

Skill      XL: |  1  2  3  4  5  6  7  8  9 |
---------------+----------------------------+-----
Armour         | 4 5 6 8 9 |  9.1
Fighting       | 4 5 6 8 9 |  9.1
Shields        | 4 5 6 8 9 |  9.1
Axes           | 3 4 5 7 8 |  8.6
Long Blades    | 2 |  2.3

Action                   |  1- 3 |  4- 6 |  7- 9 || total
-------------------------+-------+-------+-------++-------
Melee: War axe           |    79 |   129 |   212 ||   420
       Headbutt          |    13 |    24 |    47 ||    84
       Unarmed           |       |       |     4 ||     4
       Double sword      |       |       |     1 ||     1
 Fire: Hunting sling     |       |       |     6 ||     6
Throw: Dart              |       |       |     1 ||     1
Evoke: Wand              |       |       |     2 ||     2
  Use: Scroll            |       |     6 |    17 ||    23
       Potion            |       |     2 |     4 ||     6
Armor: Scale mail        |    34 |    43 |    59 ||   136
       Chain mail        |       |       |   127 ||   127
Dodge: Dodged            |    37 |    57 |   117 ||   211
Block: Buckler           |    11 |    33 |    27 ||    71
